 Dungeon Crawl Stone Soup version 0.20-a0-555-gf6ae02d (webtiles) character file.

567882 Kwzr the Executioner (level 26, -10/244 HPs)
             Began as a Hill Orc Fighter on Feb 7, 2017.
             Was the Champion of Okawaru.
             Mangled by a Killer Klown (27 damage)
             ... on level 5 of the Realm of Zot on Feb 8, 2017.
             The game lasted 06:03:08 (49131 turns).

Kwzr the Executioner (Hill Orc Fighter)            Turns: 49131, Time: 06:03:08

Health: -10/244    AC: 28    Str: 43    XL:     26   Next: 86%
Magic:  36/36      EV: 20    Int: 12    God:    Okawaru [******]
Gold:   2616       SH: 33    Dex: 16    Spells: 25/25 levels left

rFire    . . .     SeeInvis +   H - +9 war axe of Pafaerr {vamp, Str+5}
rCold    + . .     Gourm    .   Y - +1 plate armour of Complete Protection {Regen+ Str+3 Dex-4}
rNeg     . . .     Faith    .   v - +5 shield {reflect}
rPois    .         Spirit   .   y - +0 mask of the Dragon {MR+ Slay+3 SInv}
rElec    .         Reflect  +   J - +1 cloak of Twilight {Int+4 SInv}
rCorr    .         Harm     .   l - +1 pair of gloves
MR       ++...                  a - +1 pair of boots {run}
Stlth    ..........             o - +4 amulet of reflection
Regen    1.3/turn               (no ring)
                                F - ring "Pimama" {Ice *Drain Str+6 Dex+8}

@: quick
A: large bone plates 1, thin skeletal structure 1, blurry vision 1, clumsy 1,
deterioration 1, fire resistance 1, regeneration 1
}: 3/15 runes: decaying, silver, gossamer
a: Heroism, Finesse, Renounce Religion


You were on level 5 of the Realm of Zot.
You worshipped Okawaru.
Okawaru was exalted by your worship.
You were not hungry.

You visited 13 branches of the dungeon, and saw 54 of its levels.
You visited the Abyss 1 time.
You also visited: Trove.

You collected 6138 gold pieces.
You spent 3522 gold pieces at shops.

Inventory:

Hand Weapons
 H - the +9 war axe of Pafaerr (weapon) {vamp, Str+5}
   (You found it on level 7 of the Dungeon)

   It inflicts no extra harm, but heals its wielder when it wounds a living foe.
   It affects your strength (+5).
 N - the +0 hand axe of Ecapn {flame, Dex+4, unknown}
   (Okawaru gifted it to you on level 3 of the Realm of Zot)

   It has been specially enchanted to burn those struck by it, causing extra
   injury to most foes and up to half again as much damage against particularly
   susceptible opponents.
   Big, fiery blades are also staple armaments of hydra-hunters.
   It affects your dexterity (+4).
 U - the +11 war axe "Leviticus" {freeze, rPois rF+ Str+2 Stlth+}
   (Okawaru gifted it to you on level 4 of the Vaults)

   It has been specially enchanted to freeze those struck by it, causing extra
   injury to most foes and up to half again as much damage against particularly
   susceptible opponents.
   It can also slow down cold-blooded creatures.
   It affects your strength (+2).
   It protects you from fire.
   It protects you from poison.
   It makes you more stealthy.
 W - the +7 mace "Tugroump" {flame, rPois}
   (Okawaru gifted it to you on level 4 of the Spider Nest)

   It has been specially enchanted to burn those struck by it, causing extra
   injury to most foes and up to half again as much damage against particularly
   susceptible opponents.
   It protects you from poison.
Armour
 a - a +1 pair of boots of running (worn)
 b - the +1 scale mail "Ijifoh" {Str+9, unknown}
   (Okawaru gifted it to you on level 3 of the Depths)

   It affects your strength (+9).
 l - a +1 pair of gloves (worn)
 v - a +5 shield of reflection (worn)
 y - the +0 mask of the Dragon (worn) {MR+ Slay+3 SInv}
   (You bought it in a shop on level 2 of the Elven Halls)

   It affects your accuracy and damage with ranged weapons and melee attacks
   (+3).
   It affects your resistance to hostile enchantments.
   It lets you see invisible.
 J - the +1 cloak of Twilight (worn) {Int+4 SInv}
   (Okawaru gifted it to you on level 5 of the Vaults)

   It affects your intelligence (+4).
   It lets you see invisible.
 X - a +2 pair of boots of flying
 Y - the +1 plate armour of Complete Protection (worn) {Regen+ Str+3 Dex-4}
   (Okawaru gifted it to you on level 4 of the Lair of Beasts)

   It affects your strength (+3).
   It affects your dexterity (-4).
   It increases your rate of regeneration.
Jewellery
 f - the ring of Faimox {rN+ Str+2 Int+6}
   (You found it on level 3 of the Depths)

   [ring of intelligence]

   It affects your strength (+2).
   It affects your intelligence (+6).
   It protects you from negative energy.
 j - the ring "Catohom" {rCorr -Tele rPois Dex+5 Stlth+}
   (You bought it in a shop on level 2 of the Orcish Mines)

   [ring of resist corrosion]

   It affects your dexterity (+5).
   It protects you from poison.
   It prevents most forms of teleportation.
   It makes you more stealthy.
 o - a +4 amulet of reflection (around neck)
 A - the amulet of Recklessness {Gourm rN+ Int-4 Stlth+}
   (You acquired it on level 2 of the Depths)

   [amulet of the gourmand]

   It allows you to eat raw meat even when not hungry.
   It affects your intelligence (-4).
   It protects you from negative energy.
   It makes you more stealthy.
 F - the ring "Pimama" (left hand) {Ice *Drain Str+6 Dex+8}
   (You bought it in a shop on level 3 of the Elven Halls)

   [ring of ice]

   It enhances your ice magic.
   It affects your strength (+6).
   It affects your dexterity (+8).
   It makes you vulnerable to fire.
   It protects you from cold.
   It causes draining when unequipped.
 G - the amulet "Gik Wol" {+Rage Dex+3}
   (You found it in a treasure trove)

   [amulet of rage]

   It affects your dexterity (+3).
   It lets you go berserk.
 I - an uncursed ring of protection from fire
 K - the amulet of the Four Winds {rN+ MR+++ Clar}
   (You bought it in a shop on level 3 of the Elven Halls)

   [amulet of nothing]

   It protects you from negative energy.
   It affects your resistance to hostile enchantments.
   It protects you against confusion.
Wands
 R - a wand of iceblast (5/15)
Scrolls
 c - 2 scrolls of recharging
 e - 20 scrolls of identify
 i - 4 scrolls of blinking
 n - 3 scrolls of fog
 q - 6 scrolls of enchant armour
 r - 23 scrolls of remove curse
 t - a scroll of magic mapping
 x - a scroll of amnesia
 z - 23 scrolls of teleportation
 D - a scroll of summoning
 L - 5 scrolls of fear
 P - a scroll of brand weapon {unknown}
Potions
 d - a potion of agility
 g - 5 potions of haste
 h - a potion of might
 k - 2 potions of magic
 m - a potion of cure mutation
 p - 18 potions of curing
 u - 4 potions of resistance
 B - a potion of experience {unknown}
 O - 8 potions of heal wounds
Books
 w - a book of Transfigurations

   Spells                             Type                      Level
   a - Irradiate                      Conjuration/Transmutation    5
   b - Statue Form                    Transmutation/Earth          6
   c - Hydra Form                     Transmutation                6
   d - Dragon Form                    Transmutation                7
Miscellaneous
 Q - a lightning rod (3/4)
Comestibles
 s - 9 chunks of flesh
 C - 19 meat rations
 E - 4 bread rations
 M - 2 royal jellies
 Z - 10 fruits


   Skills:
 + Level 21.5 Fighting
 + Level 25.2 Axes
 + Level 20.0 Armour
 + Level 14.9 Dodging
 + Level 23.8 Shields
 + Level 18.4 Invocations


You had 25 spell levels left.
You didn't know any spells.

Dungeon Overview and Level Annotations

Branches:
Dungeon (15/15)            Temple (1/1) D:6            Lair (6/6) D:9
  Swamp (4/4) Lair:4       Spider (4/4) Lair:4        Slime (2/5) Lair:6
    Orc (2/2) D:11            Elf (3/3) Orc:2        Vaults (5/5) D:14
  Crypt (0/3) Vaults:2     Depths (5/5) D:15           Hell (1/1)
    Dis (1/7) Hell            Zot (5/5) Depths:5
    Geh: Hell:1         Coc: Hell:1         Tar: Hell:1

Altars:
Elyvilon
Fedhas
Kikubaaqudgha
Nemelex Xobeh
Okawaru
Ru
Sif Muna
Trog
Uskayaw
Vehumet
Xom
Yredelemnul
Zin
Beogh

Shops:
D:14 :   Orc:1 :   Orc:2 !*?*=[(![   Elf:2 =[   Elf:3 =}==   Vaults:1 =
Vaults:4 :   Depths:5 :

Portals:
Hell: Depths:1 Depths:2 Depths:3 Depths:5
Pandemonium: Depths:1 Depths:3
Ziggurat: Depths:1

Annotations:
Lair:4 exclusion: oklob plant
Swamp:4 Mara; sentinel's ghost, journeyman OpEE


Innate Abilities, Weirdness & Mutations

You are partially covered in large bone plates. (SH +4)
You have a somewhat thin skeletal structure. (Dex +2, Stealth)
Scrolls take you a little longer to read.
You are clumsy. (Dex -2)
Your body sometimes deteriorates upon taking damage.
Your flesh is heat resistant. (rF+)
Your natural rate of healing is unusually fast.


Message History

Remove which piece of jewellery? (? for menu, Esc to quit)
You remove the ring "Catohom" {rCorr -Tele rPois Dex+5 Stlth+}.
You block the tentacled monstrosity's attack. x3
The tentacled monstrosity completely misses you.
Your blink will be uncontrolled - continue anyway? [Y]es or [N]o only, please.
Your blink will be uncontrolled - continue anyway?
Okay, then.
The orb of fire glows red.
The bolt of fire misses you.
The Killer Klown blinks!
The Killer Klown misses you.
The orb of fire emits a lurid red light.
The bolt of fire hits you!
* * * LOW HITPOINT WARNING * * *
The Killer Klown blinks!
You feel much better.
The Killer Klown looks more healthy.
The Killer Klown flogs you!
* * * LOW HITPOINT WARNING * * *
You are engulfed in flames!!
You die...

.. ... ..X ... ▓#
#▓▓▓▓▓#▓▓▓▓▓##8. .###
###...z........... ...##
##.p*X##§§§§.......
#...###########.@*###..§§......^.
##.).............###.....^.......
##.............## #.......(.....
#.............# #.............
##...........## #............§
#...........# #...........^^
##.^.........## #.............
#^.......^....# ##............
##.............# ##...........


You could see 2 orbs of fire, a Killer Klown, a tentacled monstrosity and a
death cob.

Vanquished Creatures
  2 orbs of fire (Zot:5)
  2 ancient liches
  Saint Roka (Orc:2)
  Bai Suzhen (Vaults:2)
  2 Killer Klowns (Zot:5)
  Margery (Vaults:4)
  Geryon (Hell)
  5 golden dragons
  Nikola (Depths:3)
  Arachne (Spider:2)
  A bone dragon (Depths:5)
  A hellephant (Vaults:5)
  8 tentacled monstrosities
  3 deep elf blademasters
  13 Orb Guardians (Zot:5)
  Asterion (Spider:1)
  2 liches
  8 quicksilver dragons
  2 titans (Vaults:5)
  4 death cobs
  Gastronok (D:11)
  An Executioner (Zot:1)
  Frances (Spider:2)
  4 tengu reavers
  A sphinx (Vaults:5)
  2 tentacled starspawn (Abyss:3)
  5 storm dragons
  A draconian monk (Zot:2)
  A thorn hunter (Swamp:3)
  Roxanne (Spider:3)
  Agnes (Spider:2)
  Donald (Spider:1)
  2 shadow dragons (Vaults:5)
  4 fire giants
  13 vault wardens
  5 draconian knights
  6 deep elf sorcerers
  10 frost giants
  3 draconian scorchers
  5 large abominations
  A balrug (Abyss:3)
  Aizul (Depths:3)
  6 ghost moths
  3 deep elf elementalists
  6 emperor scorpions (Spider:4)
  Louise (Elf:1)
  3 draconian shifters
  2 draconian stormcallers
  8 draconian annihilators
  A juggernaut skeleton (Depths:2)
  2 reapers (Hell)
  10 ironheart preservers
  A spriggan defender (Depths:3)
  29 very ugly things
  3 dire elephants (Abyss:3)
  7 deep elf demonologists
  A vampire knight (Depths:2)
  25 stone giants
  5 entropy weavers
  3 green draconians
  2 war gargoyles (Hell)
  2 spark wasps
  5 red draconians
  3 black draconians
  6 purple draconians
  10 deep elf annihilators
  12 yellow draconians
  4 white draconians
  8 deep elf death magi
  13 ettins
  Josephine (Lair:5)
  9 fire dragons
  Snorg (Orc:2)
  2 jiangshi (Depths:4)
  Fannar (Lair:3)
  24 yaktaur captains
  34 vault guards
  8 deep elf high priests
  26 hydras
  14 ice dragons
  14 ogre magi
  11 rakshasas
  9 great orbs of eyes
  4 spriggan air magi
  9 centaur warriors
  6 alligators
  46 two-headed ogres
  4 tengu warriors
  4 deep troll shamans
  3 hell hogs (Hell)
  23 dancing weapons
  2 orc high priests
  11 deep troll earth magi
  A vampire mage (Depths:4)
  2 death knights
  6 spriggan berserkers
  2 soul eaters (Hell)
  Urug (Orc:2)
  A thrashing horror (Abyss:3)
  A shock serpent (shapeshifter) (Elf:2)
  A wretched star (Abyss:3)
  2 sun demons (Hell)
  The ghost of Lahna the Slasher, a novice NaFi of Okawaru (D:7)
  Sonja (D:11)
  2 iron golems (Hell)
  A titan skeleton (Depths:2)
  14 deep elf knights
  A spatial maelstrom (Abyss:3)
  A salamander mystic (Depths:5)
  7 skeletal warriors
  14 hell knights
  2 flayed ghosts
  A spark wasp zombie (Depths:2)
  A glowing orange brain (Depths:3)
  12 swamp dragons
  22 deep trolls
  An unseen horror (D:10)
  A glowing orange brain (shapeshifter) (Elf:3)
  13 ironbrand convokers
  A lindwurm (shapeshifter) (Depths:2)
  3 shambling mangroves
  4 wizards
  17 deep elf archers
  5 orc knights
  5 harpies (Vaults:3)
  A harpy (shapeshifter) (Depths:2)
  16 orb spiders
  A tengu zombie (Depths:2)
  10 necromancers
  23 wolf spiders
  A faun (shapeshifter) (Elf:3)
  A sphinx zombie (Vaults:2)
  2 phantasmal warriors (Vaults:5)
  70 deep elf magi
  A cyclops (shapeshifter) (Vaults:5)
  2 frost giant zombies
  5 orc sorcerers
  A tengu skeleton (Depths:2)
  27 ugly things
  2 sphinx skeletons
  7 elephants
  2 manticores
  The ghost of Vesto the Conjurer, a novice OpCj of Vehumet (D:6)
  2 cyclopes
  3 salamanders
  A fire giant zombie (Depths:1)
  A stone giant skeleton (Depths:2)
  A fire giant skeleton (Abyss:3)
  11 moths of wrath
  2 black mambas (Lair:6)
  A torpor snail (Spider:4)
  Psyche (D:7)
  9 rust devils
  A gargoyle (D:14)
  11 vault sentinels
  12 spiny frogs
  44 yaktaurs
  5 centaur skeletons
  An efreet (D:15)
  4 rime drakes
  9 komodo dragons
  A kobold demonologist (D:14)
  3 ice devils
  2 rime drakes (shapeshifter)
  A redback zombie (D:13)
  8 freezing wraiths
  A red devil (Hell)
  6 demonic crawlers
  A small abomination (Vaults:5)
  A harpy zombie (Vaults:1)
  A tengu conjurer (D:15)
  4 tyrant leeches
  A queen bee (D:13)
  2 trolls
  Grinder (D:5)
  A meliai (shapeshifter) (D:14)
  7 raiju
  22 blink frogs
  22 jumping spiders
  29 hornets
  9 polar bears (Lair:6)
  A hornet (shapeshifter) (Depths:2)
  15 dream sheep
  23 slime creatures
  A slime creature (shapeshifter) (Vaults:5)
  2 blink frogs (shapeshifter)
  4 bog bodies (Swamp:1)
  A raiju (shapeshifter) (Depths:2)
  An ice dragon zombie (Depths:1)
  7 hippogriffs
  A snapping turtle (shapeshifter) (Vaults:5)
  A deep troll zombie (Depths:1)
  5 air elementals
  A fire giant simulacrum (Vaults:1)
  69 redbacks
  2 tarantellas (shapeshifter)
  21 tarantellas
  3 elf zombies
  26 spriggans
  9 water elementals
  A yak (shapeshifter) (Vaults:1)
  Sigmund (D:6)
  A ynoxinul (Abyss:3)
  2 vampires
  3 wyverns
  3 shadows
  4 wraiths
  Eustachio (D:5)
  2 basilisks
  A fire elemental (Hell)
  A human (shapeshifter) (Vaults:4)
  8 humans (D:7)
  2 hungry ghosts
  A neqoxec (Abyss:3)
  43 yaks
  7 vampire mosquitoes
  16 swamp worms
  Edmund (D:6)
  7 wargs
  9 water moccasins
  9 insubstantial wisps
  4 acid dragons
  Duvessa (D:7)
  11 porcupines
  21 hell hounds
  36 orc warriors
  14 swamp drakes
  2 human zombies
  2 eyes of draining
  6 phantoms
  12 black bears
  6 ice beasts
  3 sky beasts
  40 ogres
  4 necrophages
  12 boggarts
  24 wolves
  14 centaurs
  2 human skeletons (Vaults:2)
  5 crocodiles
  2 big kobolds (D:14)
  A wyvern zombie (D:11)
  15 bullfrogs
  An earth elemental (Elf:3)
  2 gnoll sergeants
  Dowan (D:7)
  2 wyvern skeletons
  20 killer bees
  4 scorpions (Lair:4)
  22 wights
  4 howler monkeys
  2 bullfrog zombies
  4 bullfrog skeletons
  9 hounds
  A quasit (D:7)
  A crimson imp (D:9)
  2 centaur zombies
  3 jellies
  22 orc priests
  A gnoll shaman (D:6)
  31 orc wizards
  4 iguanas
  Crazy Yiuf (D:5)
  Ijyb (D:2)
  4 hell rats (Hell)
  7 worker ants
  2 hound zombies
  A hound skeleton (D:11)
  A mummy (D:11)
  2 howler monkey zombies (D:11)
  A worker ant zombie (D:11)
  16 adders
  20 gnolls
  A howler monkey skeleton (D:9)
  4 shadow imps
  7 oozes
  An adder skeleton (D:6)
  An adder zombie (D:8)
  2 worms (Lair:4)
  2 dart slugs
  6 leopard geckos
  77 orcs
  A ball python (D:2)
  4 giant cockroaches
  8 hobgoblins
  10 jackals
  6 quokkas
  2 bats (D:3)
  10 frilled lizards
  5 goblins
  A jackal skeleton (D:4)
  10 kobolds
  10 rats
  6 crawling corpses
  8 fungi
  A pillar of salt (Vaults:1)
  5 plants (D:9)
2072 creatures vanquished.

Vanquished Creatures (others)
  2 deep elf master archers (Elf:3)
  A fire giant (Depths:2)
  A draconian scorcher (Zot:2)
  A very ugly thing (Depths:3)
  A hell hog (Hell)
  A spriggan berserker (Depths:5)
  A deep elf knight (Elf:1)
  3 deep elf archers
  A manticore (D:15)
  2 moths of wrath (Zot:5)
  14 yaktaurs
  A jumping spider (Spider:2)
  A hornet (Swamp:4)
  A blink frog (Swamp:3)
  A water elemental (Depths:4)
  A water moccasin (Lair:6)
  2 boggarts (Vaults:3)
  3 centaurs
  An orc priest (Vaults:1)
  An adder (D:6)
  10 fungi
  13 plants
  7 starspawn tentacles (Abyss:3)
  12 toadstools (Lair:4)
82 creatures vanquished.

Grand Total: 2154 creatures vanquished

Notes
Turn   | Place    | Note
-------+----------+-------------------------------------------
     0 | D:1      | Kwzr the Hill Orc Fighter began the quest for the Orb.
     0 | D:1      | Reached XP level 1. HP: 19/19 MP: 1/1
   193 | D:1      | Reached skill level 3 in Axes
   265 | D:1      | Reached XP level 2. HP: 25/27 MP: 2/2
   917 | D:3      | Reached XP level 3. HP: 33/33 MP: 3/3
  1013 | D:3      | Found an iron altar of Okawaru.
  1019 | D:3      | Became a worshipper of Warmaster Okawaru
  1046 | D:3      | Found a sparkling altar of Nemelex Xobeh.
  1120 | D:3      | Reached skill level 4 in Axes
  1120 | D:3      | Reached XP level 4. HP: 40/40 MP: 4/4
  1626 | D:2      | Reached XP level 5. HP: 38/47 MP: 5/5
  1681 | D:2      | Reached skill level 5 in Axes
  1917 | D:2      | Noticed Ijyb
  1929 | D:2      | Killed Ijyb
  2197 | D:4      | Noticed an ogre
  2494 | D:3      | Reached XP level 6. HP: 32/53 MP: 6/6
  2660 | D:4      | Reached * piety under Okawaru
  2677 | D:4      | Noticed an ice beast
  2686 | D:4      | Killed an ice beast
  2686 | D:4      | Reached skill level 5 in Fighting
  2686 | D:4      | Reached skill level 6 in Axes
  3103 | D:5      | Entered Level 5 of the Dungeon
  3117 | D:5      | Noticed a phantom
  3152 | D:5      | Killed a phantom
  3152 | D:5      | Reached XP level 7. HP: 48/61 MP: 7/7
  3233 | D:5      | Noticed Eustachio
  3439 | D:4      | Reached ** piety under Okawaru
  3439 | D:4      | Reached skill level 7 in Axes
  3439 | D:4      | Reached skill level 5 in Shields
  3442 | D:4      | Gained mutation: Your flesh is heat resistant. (rF+) [potion of mutation]
  3442 | D:4      | Gained mutation: You are partially covered in large bone plates. (SH +4) [potion of mutation]
  3718 | D:4      | Reached skill level 5 in Armour
  4091 | D:5      | Killed Eustachio
  4091 | D:5      | Reached skill level 8 in Axes
  4091 | D:5      | Reached XP level 8. HP: 67/70 MP: 8/8
  4307 | D:5      | Found a runed door.
  4311 | D:5      | Noticed Crazy Yiuf
  4324 | D:5      | Killed Crazy Yiuf
  4379 | D:5      | Noticed Grinder
  4387 | D:5      | Paralysed by Grinder for 7 turns
  4401 | D:5      | Paralysed by Grinder for 5 turns
  4407 | D:5      | Killed Grinder
  4407 | D:5      | Reached *** piety under Okawaru
  4742 | D:6      | Found an iron altar of Okawaru.
  4747 | D:6      | Reached skill level 9 in Axes
  4752 | D:6      | Found a blossoming altar of Fedhas.
  4754 | D:6      | Found a hide-covered altar of Uskayaw.
  4791 | D:6      | Noticed Vesto's ghost (novice OpCj)
  4798 | D:6      | Noticed Edmund
  4856 | D:6      | Noticed Sigmund
  4870 | D:6      | Killed Sigmund
  4884 | D:6      | Found a staircase to the Ecumenical Temple.
  4893 | Temple   | Entered the Ecumenical Temple
  4938 | D:6      | Found a radiant altar of Vehumet.
  5008 | D:6      | Killed Vesto's ghost
  5008 | D:6      | Reached skill level 1 in Dodging
  5008 | D:6      | Reached skill level 1 in Invocations
  5008 | D:6      | Reached XP level 9. HP: 59/79 MP: 8/10
  5027 | D:6      | Killed Edmund
  5027 | D:6      | Reached **** piety under Okawaru
  5205 | D:6      | Found a sparkling altar of Nemelex Xobeh.
  5265 | D:6      | Found a bloodstained altar of Trog.
  5354 | D:6      | Found a glowing silver altar of Zin.
  5642 | D:7      | Found a basalt altar of Yredelemnul.
  5716 | D:7      | Found a runed door.
  5719 | D:7      | Found a runed door.
  5722 | D:7      | Found a runed door.
  5728 | D:7      | Found a runed door.
  5731 | D:7      | Noticed Psyche
  5751 | D:7      | Reached skill level 10 in Axes
  5795 | D:7      | Reached XP level 10. HP: 70/88 MP: 9/12
  5862 | D:7      | Killed Psyche
  5862 | D:7      | Reached ***** piety under Okawaru
  5877 | D:7      | Reached skill level 11 in Axes
  6391 | D:7      | Noticed a two-headed ogre
  6400 | D:7      | Killed a two-headed ogre
  6410 | D:7      | Got a polished war axe
  6420 | D:7      | Identified the +9 war axe of Pafaerr {vamp, Str+5} (You found it on level 7 of the Dungeon)
  6429 | D:7      | Noticed a two-headed ogre
  6765 | D:7      | Noticed Lahna's ghost (novice NaFi)
  6845 | D:7      | Killed Lahna's ghost
  6848 | D:7      | Received a gift from Okawaru
  6861 | D:7      | Got an ichor-stained arbalest {god gift}
  6894 | D:7      | Noticed Duvessa
  6896 | D:7      | Noticed Dowan
  6904 | D:7      | Killed Duvessa
  6904 | D:7      | Reached XP level 11. HP: 97/97 MP: 14/14
  6908 | D:7      | Killed Dowan
  6990 | D:7      | Killed a two-headed ogre
  6990 | D:7      | Reached skill level 5 in Invocations
  7097 | D:7      | Found a sacrificial altar of Ru.
  7413 | D:8      | Noticed a two-headed ogre
  7425 | D:8      | Killed a two-headed ogre
  7425 | D:8      | Reached skill level 10 in Fighting
  8019 | D:8      | Got a fine rapier
  8096 | D:9      | Found a shimmering altar of Xom.
  8096 | D:9      | Found a bloodstained altar of Trog.
  8177 | D:9      | Found a staircase to the Lair.
  8525 | D:9      | Noticed a two-headed ogre
  8535 | D:9      | Killed a two-headed ogre
  8535 | D:9      | Reached skill level 12 in Axes
  8828 | D:10     | Entered Level 10 of the Dungeon
  9023 | D:10     | Killed an unseen horror
  9517 | D:11     | Noticed a cyan ugly thing
  9523 | D:11     | Killed a cyan ugly thing
  9523 | D:11     | Reached ****** piety under Okawaru
  9547 | D:11     | Received a gift from Okawaru
  9572 | D:11     | Got an ominously black robe {god gift}
  9583 | D:11     | Found a staircase to the Orcish Mines.
  9639 | D:11     | Noticed an eight-headed hydra
  9642 | D:11     | Noticed a manticore
  9769 | D:11     | Reached skill level 10 in Shields
  9772 | D:11     | Reached XP level 12. HP: 104/108 MP: 16/16
  9838 | D:11     | Noticed Gastronok
  9892 | D:11     | Killed Gastronok
  9892 | D:11     | Reached skill level 10 in Armour
 10091 | D:11     | Killed a 16-headed hydra
 10340 | D:11     | Reached skill level 13 in Axes
 10472 | D:11     | Noticed a centaur warrior
 10472 | D:11     | Noticed a two-headed ogre
 10506 | D:11     | Killed a centaur warrior
 10510 | D:11     | Killed a two-headed ogre
 10677 | Lair:1   | Entered Level 1 of the Lair of Beasts
 10693 | Lair:1   | Identified the +0 robe of Byhet {rN+ Str+2} (Okawaru gifted it to you on level 11 of the Dungeon)
 11744 | Lair:2   | Received a gift from Okawaru
 11746 | Lair:2   | Got a dazzling ring mail {god gift}
 11757 | Lair:2   | Identified the +1 ring mail of Tomorrow {rF- MR+ Int+8} (Okawaru gifted it to you on level 2 of the Lair of Beasts)
 11941 | Lair:2   | Reached XP level 13. HP: 117/117 MP: 18/18
 11943 | Lair:2   | Reached skill level 5 in Dodging
 12332 | Lair:3   | Noticed Fannar
 12358 | Lair:3   | Killed Fannar
 12588 | Lair:3   | Reached skill level 14 in Axes
 13735 | Lair:4   | Received a gift from Okawaru
 13741 | Lair:4   | Found a hole to the Spider Nest.
 13756 | Lair:4   | Got a shimmering plate armour {god gift}
 13767 | Lair:4   | Identified the +1 plate armour of Complete Protection {Regen+ Str+3 Dex-4} (Okawaru gifted it to you on level 4 of the Lair of Beasts)
 13773 | Lair:4   | Found a staircase to the Swamp.
 14050 | Lair:4   | Found a blossoming altar of Fedhas.
 15064 | Lair:5   | Reached skill level 15 in Axes
 15122 | Lair:5   | Reached XP level 14. HP: 127/127 MP: 16/19
 15668 | Lair:5   | Noticed Josephine
 15682 | Lair:5   | Killed Josephine
 15898 | Lair:6   | Entered Level 6 of the Lair of Beasts
 16184 | Lair:6   | Found a staircase to the Slime Pits.
 16801 | Lair:6   | Received a gift from Okawaru
 16809 | Lair:6   | Got a fine broad axe {god gift}
 17045 | Lair:6   | Reached skill level 16 in Axes
 17459 | Lair:1   | Identified the +9 broad axe of Circularity {chop, rF+ rC+} (Okawaru gifted it to you on level 6 of the Lair of Beasts)
 17472 | Lair:1   | Identified the +1 arbalest of Optimality {penet, rPois rC+} (Okawaru gifted it to you on level 7 of the Dungeon)
 17560 | D:12     | Noticed Sonja
 17576 | D:11     | Killed Sonja
 18247 | D:13     | Received a gift from Okawaru
 18372 | D:13     | Reached XP level 15. HP: 136/136 MP: 20/20
 19165 | D:14     | Paralysed by an ogre mage for 7 turns
 19229 | D:14     | Found Taafino's Book Emporium.
 19616 | D:14     | Found a gate to the Vaults.
 19985 | Orc:1    | Entered Level 1 of the Orcish Mines
 20383 | Orc:1    | Found Norghata's Book Boutique.
 20516 | Orc:2    | Entered Level 2 of the Orcish Mines
 20516 | Orc:2    | Found Xolit's Assorted Antiques.
 20516 | Orc:2    | Found Cediw's Distillery.
 20525 | Orc:2    | Found a staircase to the Elven Halls.
 20542 | Elf:1    | Entered Level 1 of the Elven Halls
 20640 | Orc:2    | Noticed Snorg
 20657 | Orc:2    | Killed Snorg
 20657 | Orc:2    | Reached skill level 17 in Axes
 20941 | Orc:2    | Noticed Urug
 20948 | Orc:2    | Found Afrael's Magic Scroll Boutique.
 20964 | Orc:2    | Found Razosie's Distillery.
 20967 | Orc:2    | Bought a potion of curing for 36 gold pieces
 20967 | Orc:2    | Bought a potion of haste for 120 gold pieces
 20967 | Orc:2    | Bought a potion of haste for 120 gold pieces
 21199 | Orc:2    | Noticed Saint Roka
 21258 | Orc:2    | Killed Saint Roka
 21265 | Orc:2    | Received a gift from Okawaru
 21360 | Orc:2    | Found a roughly hewn altar of Beogh.
 21383 | Orc:2    | Killed Urug
 21383 | Orc:2    | Reached skill level 15 in Shields
 21393 | Orc:2    | Found Ysafiz's Antique Weapon Shoppe.
 21398 | Orc:2    | Found Reots's Jewellery Shoppe.
 21435 | Orc:2    | Found Ithradack's Antique Armour Shoppe.
 21444 | Orc:2    | Bought an aquamarine-encrusted chain mail for 209 gold pieces
 21466 | Orc:2    | Identified the +6 chain mail of the Kettle-Drum {Int+2} (You bought it in a shop on level 2 of the Orcish Mines)
 21471 | Orc:2    | Found Niothraso's General Store.
 21478 | Orc:2    | Bought a scroll of identify for 26 gold pieces
 21512 | Orc:2    | Bought a jewelled broad axe for 261 gold pieces
 21546 | Orc:2    | Bought the ring "Catohom" {rCorr -Tele rPois Dex+5 Stlth+} for 583 gold pieces
 21602 | Orc:2    | Bought a potion of heal wounds for 65 gold pieces
 21602 | Orc:2    | Bought a potion of heal wounds for 65 gold pieces
 21602 | Orc:2    | Bought a potion of curing for 39 gold pieces
 21602 | Orc:2    | Bought a potion of haste for 130 gold pieces
 21602 | Orc:2    | Bought a potion of curing for 39 gold pieces
 21616 | Orc:2    | Identified the cursed +3 broad axe of Defiance {speed, Str+5 Int-5} (You bought it in a shop on level 2 of the Orcish Mines)
 21747 | Orc:2    | Found Usesuog's Antique Armour Emporium.
 22055 | Swamp:1  | Entered Level 1 of the Swamp
 22312 | Swamp:1  | Reached XP level 16. HP: 146/146 MP: 21/21
 23227 | Swamp:2  | Received a gift from Okawaru
 23374 | Swamp:2  | Reached skill level 18 in Axes
 24256 | Swamp:4  | Entered Level 4 of the Swamp
 24301 | Swamp:4  | Noticed a thorn hunter
 24504 | Swamp:3  | Received a gift from Okawaru
 24550 | Swamp:3  | Killed a thorn hunter
 24966 | Swamp:4  | Got a decaying rune of Zot
 25269 | Lair:1   | Identified a +1 pair of boots of running (Okawaru gifted it to you on level 3 of the Swamp)
 25729 | Swamp:4  | Noticed Mara
 25732 | Swamp:4  | Noticed Kwzr's illusion
 25758 | Swamp:4  | Noticed sentinel's ghost (journeyman OpEE)
 25917 | Swamp:4  | Reached XP level 17. HP: 151/154 MP: 22/22
 25960 | Swamp:4  | Noticed Kwzr's illusion
 26464 | Slime:1  | Entered Level 1 of the Pits of Slime
 26472 | Slime:2  | Noticed an acid blob
 26736 | Spider:1 | Entered Level 1 of the Spider Nest
 26736 | Spider:1 | Noticed Donald
 26743 | Spider:1 | Reached skill level 15 in Fighting
 26750 | Spider:1 | Killed Donald
 26750 | Spider:1 | Received a gift from Okawaru
 26750 | Spider:1 | Reached skill level 19 in Axes
 27364 | Spider:1 | Noticed Asterion
 27369 | Spider:1 | Noticed an Executioner
 27407 | Spider:1 | Gained mutation: Scrolls take you a little longer to read. [a cacodemon]
 27410 | Spider:1 | Killed Asterion
 27865 | Spider:2 | Noticed Agnes
 27879 | Spider:2 | Killed Agnes
 28166 | Spider:2 | Noticed Arachne
 28183 | Spider:2 | Killed Arachne
 28268 | Spider:2 | Noticed Frances
 28287 | Spider:2 | Killed Frances
 28518 | Spider:2 | Received a gift from Okawaru
 29068 | Spider:3 | Noticed Roxanne
 29091 | Spider:3 | Killed Roxanne
 29248 | Spider:4 | Entered Level 4 of the Spider Nest
 29426 | Spider:4 | Reached skill level 20 in Axes
 29426 | Spider:4 | Reached XP level 18. HP: 165/165 MP: 4/23
 30047 | Spider:4 | Received a gift from Okawaru
 30049 | Spider:4 | Got a slimy mace {god gift}
 30185 | Spider:4 | Got a gossamer rune of Zot
 30647 | Vaults:1 | Entered Level 1 of the Vaults
 30873 | Vaults:1 | Reached skill level 15 in Armour
 30879 | Vaults:1 | Received a gift from Okawaru
 31044 | Vaults:1 | Found Fautaf's Jewellery Shop.
 31133 | Vaults:1 | Found a ruined gateway.
 31201 | Vaults:1 | Received a gift from Okawaru
 31855 | Vaults:1 | Found a portal to a secret trove of treasure.
 31914 | Vaults:1 | Paralysed by a great orb of eyes for 6 turns
 32325 | Vaults:2 | Reached XP level 19. HP: 174/174 MP: 24/24
 32440 | Vaults:2 | Received a gift from Okawaru
 32450 | Vaults:2 | Got a pair of bloodstained boots {god gift}
 32461 | Vaults:2 | Identified the +2 pair of boots of the Farrier {-Cast +Inv Int+5} (Okawaru gifted it to you on level 2 of the Vaults)
 32613 | Vaults:2 | Noticed Bai Suzhen
 32643 | Vaults:2 | Killed Bai Suzhen
 32643 | Vaults:2 | Reached skill level 10 in Dodging
 32664 | Vaults:2 | Found a staircase to the Crypt.
 32664 | Vaults:2 | Found a basalt altar of Yredelemnul.
 32665 | Vaults:2 | Found an ancient bone altar of Kikubaaqudgha.
 33870 | Vaults:3 | Got a spiked leather armour
 33923 | Vaults:3 | Reached skill level 21 in Axes
 33938 | Vaults:3 | Received a gift from Okawaru
 33939 | Vaults:3 | Got a brightly glowing robe {god gift}
 34480 | Vaults:3 | Got a twisted trident {pierce}
 34849 | Vaults:4 | Reached XP level 20. HP: 183/183 MP: 27/27
 35031 | Vaults:4 | Reached skill level 10 in Invocations
 35117 | Vaults:4 | Received a gift from Okawaru
 35125 | Vaults:4 | Got a blackened war axe {god gift}
 35164 | Vaults:4 | Found a white marble altar of Elyvilon.
 35260 | Vaults:4 | Noticed Margery
 35272 | Vaults:4 | Killed Margery
 35525 | Vaults:4 | Received a gift from Okawaru
 35543 | Vaults:4 | Got a pitted broad axe {god gift}
 35602 | Vaults:4 | Found Kyuzumeu's Book Boutique.
 36076 | Vaults:5 | Entered Level 5 of the Vaults
 36100 | Vaults:5 | Received a gift from Okawaru
 36122 | Vaults:5 | Reached XP level 21. HP: 192/192 MP: 28/29
 36284 | Vaults:5 | Received a gift from Okawaru
 36674 | Vaults:5 | Identified the +2 leather armour of Baldness {MR+ Int+3 Dex+3} (You found it on level 3 of the Vaults)
 36684 | Vaults:5 | Identified the +1 robe of the Slorg {SInv} (Okawaru gifted it to you on level 3 of the Vaults)
 36693 | Vaults:5 | Got a smelly ring mail
 36699 | Vaults:5 | Identified the cursed +1 ring mail "Aluhucias" {Regen+} (You found it on level 5 of the Vaults)
 36718 | Vaults:5 | Got a brightly glowing ring mail
 36731 | Vaults:5 | Identified the cursed +1 ring mail of Hangman {rCorr Dex+3} (You found it on level 5 of the Vaults)
 36777 | Vaults:5 | Got an ichor-stained great mace {speed}
 36803 | Vaults:5 | Got a bloodstained whip
 36893 | Vaults:5 | Noticed an ancient lich
 36913 | Vaults:5 | Killed an ancient lich
 36922 | Vaults:5 | Reached skill level 22 in Axes
 37123 | Vaults:5 | Identified the +11 war axe "Leviticus" {freeze, rPois rF+ Str+2 Stlth+} (Okawaru gifted it to you on level 4 of the Vaults)
 37259 | Vaults:5 | Received a gift from Okawaru
 37276 | Vaults:5 | Identified the +2 broad axe of Summer {vamp, Str-2 Int+2 Dex+3 SInv} (Okawaru gifted it to you on level 4 of the Vaults)
 37303 | Vaults:5 | Got a crude cloak {god gift}
 37317 | Vaults:5 | Identified the +1 cloak of Twilight {Int+4 SInv} (Okawaru gifted it to you on level 5 of the Vaults)
 37323 | Vaults:5 | Identified the +5 whip "Mykhes" {antimagic, -Tele rElec Dex+6} (You found it on level 5 of the Vaults)
 37324 | Vaults:5 | Identified the +7 trident "Povum" {pierce, +Fly rF++ Dex-2 Stlth-} (You took it off a yaktaur on level 3 of the Vaults)
 37327 | Vaults:5 | Identified the +7 mace "Tugroump" {flame, rPois} (Okawaru gifted it to you on level 4 of the Spider Nest)
 37401 | Vaults:5 | Reached XP level 22. HP: 162/202 MP: 20/31
 37585 | Vaults:5 | Got a silver rune of Zot
 37598 | Vaults:5 | Got an opal-studded chain mail
 37624 | Vaults:5 | Got a brightly glowing trident
 37649 | Vaults:5 | Identified the +8 chain mail "Hoxarow" {MR+} (You found it on level 5 of the Vaults)
 37751 | Vaults:5 | Cast into level 3 of the Abyss (a deep elf demonologist)
 37751 | Abyss:3  | Found a deep blue altar of Sif Muna.
 37944 | Vaults:5 | Escaped the Abyss
 38626 | Elf:1    | Noticed Louise
 38648 | Elf:1    | Killed Louise
 38648 | Elf:1    | Received a gift from Okawaru
 38649 | Elf:1    | Got a bloodstained ring mail {god gift}
 39439 | Elf:2    | Found Met Edud's Armour Shoppe.
 39439 | Elf:2    | Found Bali's Jewellery Emporium.
 39463 | Elf:2    | Bought the +0 mask of the Dragon {MR+ Slay+3 SInv} for 534 gold pieces
 39503 | Elf:2    | Found a runed gate.
 39503 | Elf:2    | Found a runed gate.
 39537 | Elf:2    | Found a runed gate.
 40039 | Elf:2    | Received a gift from Okawaru
 40287 | Elf:3    | Entered Level 3 of the Elven Halls
 40435 | Elf:3    | Reached XP level 23. HP: 194/211 MP: 21/33
 40627 | Elf:3    | Got a faintly glowing battleaxe {freeze}
 40642 | Elf:3    | Got a transparent lapis lazuli ring
 40685 | Elf:3    | Found Isunuoc's Jewellery Shoppe.
 40769 | Elf:3    | Got a warped spear
 40814 | Elf:3    | Identified the ring of Fragile Peace {rElec Dex-5 Slay+2 Stlth+} (You found it on level 3 of the Elven Halls)
 40860 | Elf:3    | Got a glittering platinum ring
 40877 | Elf:3    | Identified the ring "Cuschexte" {+Fly rElec rPois rC-} (You found it on level 3 of the Elven Halls)
 40944 | Elf:3    | Got a slimy scale mail
 41033 | Elf:3    | Found Ciobryiph's Jewellery Shoppe.
 41033 | Elf:3    | Found Git Putz's Gadget Boutique.
 41034 | Elf:3    | Found Vuablil's Jewellery Shoppe.
 41044 | Elf:3    | Bought the ring "Pimama" {Ice *Drain Str+6 Dex+8} for 725 gold pieces
 41050 | Elf:3    | Bought the amulet of the Four Winds {rN+ MR+++ Clar} for 570 gold pieces
 41097 | Elf:3    | Found a radiant altar of Vehumet.
 41662 | D:13     | Identified a +1 pair of boots of running (Okawaru gifted it to you on level 13 of the Dungeon)
 41676 | D:13     | Identified the +3 scale mail of Jipt {Int+3} (You found it on level 3 of the Elven Halls)
 41731 | D:15     | Entered Level 15 of the Dungeon
 42205 | D:15     | Found a staircase to the Depths.
 42218 | D:15     | Received a gift from Okawaru
 42243 | D:15     | Found a labyrinth entrance.
 42556 | Depths:1 | Entered Level 1 of the Depths
 42564 | Depths:1 | Reached skill level 23 in Axes
 42968 | Depths:1 | Found a gateway to a ziggurat.
 43109 | Depths:1 | Found a gateway to Hell.
 43114 | Hell     | Entered the Vestibule of Hell
 43114 | Hell     | Noticed Geryon
 43139 | Hell     | Killed Geryon
 43323 | Hell     | Found a gateway to the Iron City of Dis.
 43328 | Dis:1    | Entered Level 1 of the Iron City of Dis
 43328 | Dis:1    | Found a gateway to Hell.
 43380 | Depths:1 | Found a one-way gate leading to the halls of Pandemonium.
 43398 | Depths:2 | Reached skill level 15 in Invocations
 43406 | Depths:2 | Reached XP level 24. HP: 222/222 MP: 34/34
 43485 | Depths:2 | Received a gift from Okawaru
 43800 | Depths:2 | Identified a scroll of acquirement
 43800 | Depths:2 | Got a twitching garnet amulet
 43803 | Depths:2 | Identified the amulet of Recklessness {Gourm rN+ Int-4 Stlth+} (You acquired it on level 2 of the Depths)
 44587 | Depths:3 | Received a gift from Okawaru
 45468 | Vaults:1 | You paid a toll of +3 ice dragon scales to enter a treasure trove
 45469 | Trove    | Entered a treasure trove
 45514 | Trove    | Got a bound ruby amulet
 45567 | Trove    | Identified Sif Muna's Reference Book on Flamy Creation
 45799 | Lair:1   | Identified the amulet "Gik Wol" {+Rage Dex+3} (You found it in a treasure trove)
 46206 | Depths:3 | Noticed Aizul
 46229 | Depths:3 | Killed Aizul
 46230 | Depths:3 | Received a gift from Okawaru
 46242 | Depths:3 | Got an ancient scale mail {god gift}
 46349 | Depths:3 | Noticed Nikola
 46370 | Depths:3 | Killed Nikola
 46433 | Depths:3 | Got a wavering lapis lazuli ring
 46789 | Depths:4 | Reached skill level 24 in Axes
 46848 | Depths:5 | Entered Level 5 of the Depths
 46856 | Depths:5 | Reached XP level 25. HP: 231/231 MP: 34/35
 47050 | Depths:5 | Found Yvew's Book Shop.
 47129 | Depths:5 | Received a gift from Okawaru
 47246 | Depths:5 | Found a gate to the Realm of Zot.
 47296 | Zot:1    | Entered Level 1 of the Realm of Zot
 47485 | Zot:1    | Received a gift from Okawaru
 47950 | Zot:2    | Identified the ring of Faimox {rN+ Str+2 Int+6} (You found it on level 3 of the Depths)
 48212 | Zot:2    | Reached XP level 26. HP: 196/242 MP: 1/35
 48509 | Zot:3    | Received a gift from Okawaru
 48517 | Zot:3    | Got a transparent hand axe {god gift}
 48630 | Zot:5    | Entered Level 5 of the Realm of Zot
 48862 | Zot:5    | Noticed an ancient lich
 48868 | Zot:5    | Killed an ancient lich
 48868 | Zot:5    | Reached skill level 25 in Axes
 48894 | Zot:5    | Received a gift from Okawaru
 48899 | Zot:5    | Noticed an orb of fire
 48904 | Zot:5    | Noticed an orb of fire
 48906 | Zot:5    | Gained mutation: You have a somewhat thin skeletal structure. (Dex +2, Stealth) [an orb of fire]
 48932 | Zot:5    | Killed an orb of fire
 48941 | Zot:5    | Killed an orb of fire
 49106 | Zot:5    | Noticed an orb of fire
 49116 | Zot:5    | Gained mutation: Your natural rate of healing is unusually fast. [an orb of fire]
 49118 | Zot:5    | Noticed an orb of fire
 49119 | Zot:5    | Gained mutation: You are clumsy. (Dex -2) [an orb of fire]
 49122 | Zot:5    | Gained mutation: Your body sometimes deteriorates upon taking damage. [an orb of fire]
 49131 | Zot:5    | Mangled by a Killer Klown

Vault maps used:
D:1:      dpeg_arrival_yet_another_circle
D:2:      uniq_iyjb
D:3:      kennysheep_big_flooded_room, nicolae_overflow_hidden_temple,
          okawaru_trees_1
D:5:      first_bread, uniq_crazy_yiuf_cottage, uniq_grinder, uniq_eustachio
D:6:      zin_scriptorium, lemuel_crystal_altar, grunt_temple_overflow_open,
          lemuel_temple_firewalk_b, basic_altar, trog_three_pillars_becter,
          uniq_edmund, uniq_sigmund
D:7:      erik_cavepeople, nicolae_ru_the_path_less_chosen, serial_bayou_pond_e,
          yredelemnul_altar_generic, uniq_duvessa
D:9:      gammafunk_temple_overflow_statue, david_lair_shrubbed
D:11:     david_orc_3, serial_undead, serial_undead_d, serial_undead_e,
          serial_undead_d, serial_undead_a, uniq_gastronok
D:12:     uniq_sonja
D:13:     david_nohive_1
D:14:     hangedman_vaults_entry_quadrant_bands, serial_shops,
          nicolae_shop_trees
D:15:     hangedman_depths_entry_civil_slaughter, lab_entry_generic
Temple:   nicolae_temple_hex_pool
Lair:1:   grunt_megastairs_2
Lair:3:   uniq_fannar
Lair:4:   swamp_mist, nicolae_spider_entry_non_spiders, tgw_fedhas,
          serial_bayou_shore_b
Lair:5:   kb_forest_paths, uniq_josephine
Lair:6:   hangedman_lair_caniforms_friends, nicolae_slime_entry_slimehenge
Swamp:1:  evilmike_swamp_ruin_house_6, swamp_pool1
Swamp:2:  nicolae_swamp_fairy_circle
Swamp:3:  evilmike_swamp_ruin_rubble_1, infiniplex_staircase_pool
Swamp:4:  swamp, swamp_pool3, uniq_mara
Spider:1: uniq_donald, uniq_asterion
Spider:2: uniq_frances, uniq_arachne, uniq_agnes
Spider:3: hangedman_spider_tarantella_strand, uniq_roxanne
Spider:4: grunt_spider_rune_circles
Orc:1:    serial_shops, nicolae_shop_behind_doors
Orc:2:    grunt_orc_cross, serial_shops, shop, shop, nicolae_shop_statue_plus,
          shop, shop, uniq_snorg
Elf:1:    serial_shops, shop, hangedman_elf_represent, st_stairs_13,
          grunt_megastairs_1, uniq_louise
Elf:2:    minmay_shoptagon, basic_stair_grate_trap
Elf:3:    grunt_elf_hall_diamonds, basic_altar, serial_shops, shop_statue,
          minmay_shop_grove
Vaults:1: vaults_dpeg_spiral, hangedman_vaults_restitches,
          vaults_room_door_ring, ontoclasm_vaults_pinch,
          hangedman_vaults_restitches, vaults_mumra_lcd, nicolae_vaults_theta,
          hangedman_vaults_trim, nicolae_vaults_shelves_hall,
          nicolae_vaults_little_ls, serial_shops, shop,
          nicolae_trove_entry_diagonal, portal_desolation_entry_garden
Vaults:2: minmay_crypt_entry_necro_gods, nicolae_vaults_shelves_hall,
          nicolae_vaults_gold_heap, ontoclasm_vaults_gateway, uniq_bai_suzhen
Vaults:3: vaults_room_ringed_pool, vaults_standard_mumra_x,
          nicolae_vaults_circle_grid_a, nicolae_vaults_arrows,
          nicolae_vaults_mini_display_case, hangedman_vaults_river_flow,
          vaults_room_fancy_cross, ontoclasm_vaults_misaligned, v_alt_pattern_5,
          nicolae_vaults_quartermaster, vaults_dpeg_hooks
Vaults:4: vaults_dpeg_cross, hangedman_vaults_locks, vaults_room_large_hall,
          vaults_room_door_ring, ontoclasm_vaults_eye, dpeg_vaults_monster_box,
          vaults_mumra_minichess, vaults_room_hallway, v_misc_33,
          vaults_room_semicircle, vaults_room_grid, serial_shops,
          shop_fountains, lightli_enter_wizlab_magi_temple, basic_altar,
          uniq_margery
Vaults:5: serial_shops
Depths:1: enter_ziggurat_d, rand_demon_pan_entry_8, pf_coc_iceberg,
          hangedman_decor_growths, glass_columns_a, serial_bayou_shore_b
Depths:2: minmay_open_boxes_in_corner, hell_entry, kennysheep_generic_room_2,
          firewood_loft
Depths:3: kennysheep_blocky_hall, pan_entry, minmay_holes,
          grunt_hell_entry_dis_mu, infiniplex_staircase_x, serial_bayou_shore_b,
          uniq_aizul, uniq_nikola
Depths:4: box_level_dp, serial_shops, abyss_entry, hell_entry
Depths:5: grunt_zot_entry_tricorne, pf_hell_entry_tar_spiral,
          roderic_roman_lattice, serial_shops, shop
Zot:3:    grunt_ministairs_4
Zot:4:    kennysheep_spiral_hall, nicolae_lava_and_water, st_stairs_12
Zot:5:    grunt_ministairs_9
Abyss:3:  minivault_13, minivault_28, evilmike_abyss_rune_elephants_shrine,
          hangedman_steaming_rock
Trove:    trove_garden

Skill      XL: |  1  2  3  4  5  6  7  8  9 10 11 12 13 14 15 16 17 18 19 20 21 22 23 24 25 26 |
---------------+-------------------------------------------------------------------------------+-----
Axes           | 3 4 5 6 8 9 10 11 12 13 15 16 17 18 20 21 22 23 24 25 | 25.2
Fighting       | 4 5 6 7 8 9 10 11 12 13 14 15 16 17 18 19 20 21 | 21.5
Shields        | 4 5 6 7 8 10 11 12 14 15 16 17 18 19 20 21 22 23 | 23.8
Armour         | 4 5 6 7 8 9 10 11 12 13 14 15 16 17 18 19 20 | 20.0
Dodging        | 1 2 3 4 5 6 7 8 9 10 11 12 13 14 | 14.9
Invocations    | 1 3 4 6 7 9 11 12 13 15 16 17 18 | 18.4

Action                   |  1- 3 |  4- 6 |  7- 9 | 10-12 | 13-15 | 16-18 | 19-21 | 22-24 | 25-27 || total
-------------------------+-------+-------+-------+-------+-------+-------+-------+-------+-------++-------
Melee: War axe           |    94 |   220 |   355 |   617 |  1199 |  1220 |  1159 |  1623 |   725 ||  7212
       Unarmed           |       |       |     1 |       |       |       |       |       |       ||     1
       Flail             |       |       |       |       |   107 |    66 |       |       |       ||   173
       Eveningstar       |       |       |       |       |       |   191 |       |       |       ||   191
       Broad axe         |       |       |       |       |       |   195 |    23 |       |       ||   218
       Mace              |       |       |       |       |       |       |    14 |       |       ||    14
       Trident           |       |       |       |       |       |       |     2 |       |       ||     2
Throw: Throwing net      |       |       |       |     1 |       |       |       |       |       ||     1
Invok: Heroism           |       |       |     5 |     8 |    20 |    16 |     8 |    10 |     9 ||    76
       Finesse           |       |       |       |       |     4 |     8 |     3 |     7 |     3 ||    25
Evoke: Wand              |       |       |     3 |     4 |     7 |    18 |       |       |     2 ||    34
       Horn of Geryon    |       |       |       |       |       |       |       |     1 |       ||     1
       Lightning rod     |       |       |       |       |       |       |       |       |     1 ||     1
  Use: Scroll            |       |     8 |     6 |     4 |    15 |    13 |     5 |     7 |     2 ||    60
       Potion            |       |       |     5 |     2 |       |       |       |     6 |     5 ||    18
 Stab: Confused          |       |       |       |       |       |     1 |       |       |       ||     1
       Distracted        |       |       |       |       |       |       |       |     3 |       ||     3
  Eat: Chunk             |     1 |     5 |     8 |    16 |    25 |    28 |     8 |    37 |     6 ||   134
       Fruit             |       |       |     3 |       |     1 |       |       |       |       ||     4
       Bread ration      |       |       |       |     1 |       |     1 |     2 |     2 |       ||     6
       Meat ration       |       |       |       |     1 |     4 |     1 |     1 |       |       ||     7
       Royal jelly       |       |       |       |       |     1 |       |       |     2 |       ||     3
Armor: Scale mail        |    28 |    80 |    88 |   160 |       |       |       |       |       ||   356
       Ring mail         |       |       |       |     7 |    37 |       |       |       |       ||    44
       Leather armour    |       |       |       |     6 |       |       |       |       |       ||     6
       Plate armour      |       |       |       |       |   398 |   759 |   225 |   275 |   129 ||  1786
Dodge: Dodged            |    32 |    47 |    58 |   122 |   349 |   555 |   223 |   359 |   243 ||  1988
Block: Shield            |    39 |   117 |   223 |   348 |  1010 |  1635 |  1022 |  1470 |   804 ||  6668
       Reflection        |       |       |       |       |       |    23 |    73 |   139 |    23 ||   258
